PAA
HELENA GRIZZLIES @ MERCER ISLAND SCREAMING EAGLES
05/11/2023
 
TOP OF THE 1ST
Helena Grizzlies batting - Pitching for Mercer Island Screaming Eagles : RHP Jeff Sloan
Pitching: RHP Jeff Sloan
Batting: RHB Álex Estrada 0-0: Ball
1-0: Ball
2-0: Called Strike
2-1: Foul Ball, location: 2F
2-2: Ball
3-2: Ground out 2-3 (Groundball, 2R)
Batting: RHB Gonzalo Sánchez 0-0: SINGLE (Groundball, 3)
Batting: RHB Mario Piña 0-0: Ball
1-0: Swinging Strike
1-1: Ball
2-1: Called Strike
2-2: Strikes out swinging
Batting: LHB Miguel Zúñiga 0-0: Called Strike
0-1: Ball
1-1: Foul Ball, location: 2F
1-2: SINGLE (Line Drive, 56D)
Gonzalo Sánchez to second
Batting: RHB Octávio Zúñiga 0-0: Ball
1-0: Swinging Strike
1-1: Foul Ball, location: 2F
1-2: Foul Ball, location: 2F
1-2: Ground out 5-3 (Groundball, 5S)
Top of the 1st over - 0 run(s), 2 hit(s), 0 error(s), 2 left on base; Helena 0 - Mercer Island 0
BOTTOM OF THE 1ST
Mercer Island Screaming Eagles batting - Pitching for Helena Grizzlies : RHP Doruk Oyan
Pitching: RHP Doruk Oyan
Batting: RHB Mario Blanco 0-0: Ball
1-0: Called Strike
1-1: Ball
2-1: Foul Ball, location: 2F
2-2: Strikes out looking
Batting: SHB Ray Davis 0-0: Swinging Strike
0-1: Ball
1-1: Foul Ball, location: 2F
1-2: Strikes out looking
Batting: RHB Jason Ruffin 0-0: Ball
1-0: Called Strike
1-1: Foul Ball, location: 2F
1-2: Ground out 6-3 (Groundball, 6)
Bottom of the 1st over - 0 run(s), 0 hit(s), 0 error(s), 0 left on base; Helena 0 - Mercer Island 0
TOP OF THE 2ND
Helena Grizzlies batting - Pitching for Mercer Island Screaming Eagles : RHP Jeff Sloan
Batting: LHB Tom Cotton 0-0: Ball
1-0: Foul Ball, location: 2F
1-1: Fly out, F8 (Flyball, 8RM)
Batting: RHB Gaston Waller 0-0: Ball
1-0: Called Strike
1-1: Fly out, F3 (Popup, 9LSF)
Batting: RHB Jorge Arreola 0-0: Called Strike
0-1: Ball
1-1: Ball
2-1: Ball
3-1: Called Strike
3-2: SINGLE (Groundball, 6MD)
Batting: LHB Eugene Henson 0-0: Ball
1-0: Fly out, F6 (Popup, 6MD)
Top of the 2nd over - 0 run(s), 1 hit(s), 0 error(s), 1 left on base; Helena 0 - Mercer Island 0
BOTTOM OF THE 2ND
Mercer Island Screaming Eagles batting - Pitching for Helena Grizzlies : RHP Doruk Oyan
Batting: LHB Tomás Mejía 0-0: Ball
1-0: Ball
2-0: Foul Ball, location: 2F
2-1: Ball
3-1: Foul Ball, location: 2F
3-2: SINGLE (Groundball, 4MD)
Batting: LHB Joe Sutton 0-0: SINGLE (Line Drive, 4M)
Tomás Mejía to second
Batting: RHB Shawn McCormack 0-0: Ball
1-0: Ball
2-0: Called Strike
2-1: Fly out, F8 (Flyball, 8RM)
Batting: RHB Jorge Peña 0-0: Called Strike
0-1: SINGLE (Line Drive, 34D)
Tomás Mejía to third
Joe Sutton to second
Batting: RHB Gerjan de Best 0-0: Called Strike
0-1: Ball
1-1: Fly out, F7 (Line Drive, 7M)
Runner from 3rd tags up, SCORES, no throw
Batting: RHB Alan Rosales 0-0: Ball
1-0: Called Strike
1-1: Foul Ball, location: 2F
1-2: Foul Ball, location: 2F
1-2: Ball
2-2: Strikes out swinging
Bottom of the 2nd over - 1 run(s), 3 hit(s), 0 error(s), 2 left on base; Helena 0 - Mercer Island 1
TOP OF THE 3RD
Helena Grizzlies batting - Pitching for Mercer Island Screaming Eagles : RHP Jeff Sloan
Batting: RHB Álex Estrada 0-0: Foul Ball, location: 2F
0-1: Fly out, F8 (Flyball, 8RXD)
Batting: RHB Gonzalo Sánchez 0-0: Ground out 3-1 (Groundball, 34S)
Batting: RHB Mario Piña 0-0: Swinging Strike
0-1: Fly out, F8 (Flyball, 8RM)
Top of the 3rd over - 0 run(s), 0 hit(s), 0 error(s), 0 left on base; Helena 0 - Mercer Island 1
BOTTOM OF THE 3RD
Mercer Island Screaming Eagles batting - Pitching for Helena Grizzlies : RHP Doruk Oyan
Batting: RHB Mario Blanco 0-0: Ball
1-0: Ball
2-0: Ball
3-0: Base on Balls
Batting: SHB Ray Davis 0-0: Called Strike
0-1: Grounds into double play, 4-6-3 (Groundball, 4)
Batting: RHB Jason Ruffin 0-0: Called Strike
0-1: Ball
1-1: Foul Ball, location: 2F
1-2: Ball
2-2: Foul Ball, location: 2F
2-2: Ball
3-2: Ground out 1-3 (Groundball, 15S)
Bottom of the 3rd over - 0 run(s), 0 hit(s), 0 error(s), 0 left on base; Helena 0 - Mercer Island 1
TOP OF THE 4TH
Helena Grizzlies batting - Pitching for Mercer Island Screaming Eagles : RHP Jeff Sloan
Batting: LHB Miguel Zúñiga 0-0: Ball
1-0: Foul Ball, location: 2F
1-1: Called Strike
1-2: Fly out, F8 (Flyball, 8RS)
Batting: RHB Octávio Zúñiga 0-0: Ball
1-0: SINGLE (Groundball, 56D)
Batting: LHB Tom Cotton 0-0: Ball
1-0: Grounds into double play, 4-6-3 (Groundball, 34)
Top of the 4th over - 0 run(s), 1 hit(s), 0 error(s), 0 left on base; Helena 0 - Mercer Island 1
BOTTOM OF THE 4TH
Mercer Island Screaming Eagles batting - Pitching for Helena Grizzlies : RHP Doruk Oyan
Batting: LHB Tomás Mejía 0-0: Ball
1-0: Fly out, F8 (Flyball, 78M)
Batting: LHB Joe Sutton 0-0: Ball
1-0: Ball
2-0: Called Strike
2-1: Foul Ball, location: 2F
2-2: Ball
3-2: Strikes out swinging
Batting: RHB Shawn McCormack 0-0: Ball
1-0: Foul Ball, location: 2F
1-1: Ground out 5-3 (Groundball, 5D)
Bottom of the 4th over - 0 run(s), 0 hit(s), 0 error(s), 0 left on base; Helena 0 - Mercer Island 1
TOP OF THE 5TH
Helena Grizzlies batting - Pitching for Mercer Island Screaming Eagles : RHP Jeff Sloan
Batting: RHB Gaston Waller 0-0: Called Strike
0-1: Foul Ball, location: 2F
0-2: Ball
1-2: SINGLE (Line Drive, 34D)
Batting: RHB Jorge Arreola 0-0: Ball
1-0: Ball
2-0: Foul Ball, location: 2F
2-1: Ball
3-1: DOUBLE (Groundball, 5L)
Gaston Waller to third
Batting: LHB Eugene Henson 0-0: Foul Ball, location: 2F
0-1: Ball
1-1: Ball
2-1: DOUBLE (Groundball, 5)
Gaston Waller scores
Jorge Arreola scores
Batting: RHB Álex Estrada 0-0: Intentional Walk
Batting: RHB Gonzalo Sánchez 0-0: Fly out, F9 (Flyball, 9M)
Batting: RHB Mario Piña 0-0: Called Strike
Eugene Henson steals 3rd base
Álex Estrada to second
0-1: Ball
1-1: DOUBLE (Flyball, 78M)
Eugene Henson scores
Álex Estrada scores
Batting: LHB Miguel Zúñiga 0-0: Intentional Walk
Batting: RHB Octávio Zúñiga 0-0: Ball
1-0: Called Strike
1-1: Ball
2-1: Ball
3-1: Called Strike
3-2: Base on Balls
Mario Piña to third
Miguel Zúñiga to second
Batting: LHB Tom Cotton 0-0: Ball
1-0: Ball
2-0: Ball
3-0: Base on Balls
Mario Piña scores
Miguel Zúñiga to third
Octávio Zúñiga to second
Batting: RHB Gaston Waller 0-0: Swinging Strike
0-1: Ball
1-1: SINGLE (Groundball, 56D)
Miguel Zúñiga scores
Octávio Zúñiga to third
Tom Cotton to second
Batting: RHB Jorge Arreola 0-0: Grounds into double play, 6-4-3 (Groundball, 6)
Top of the 5th over - 6 run(s), 5 hit(s), 0 error(s), 2 left on base; Helena 6 - Mercer Island 1
BOTTOM OF THE 5TH
Mercer Island Screaming Eagles batting - Pitching for Helena Grizzlies : RHP Doruk Oyan
Batting: RHB Jorge Peña 0-0: Called Strike
0-1: Ball
1-1: Fly out, F8 (Flyball, 8LM)
Batting: RHB Gerjan de Best 0-0: Ball
1-0: Ball
2-0: Foul Ball, location: 2F
2-1: Ball
3-1: Swinging Strike
3-2: Ground out 6-3 (Groundball, 6)
Batting: RHB Alan Rosales 0-0: Ball
1-0: Swinging Strike
1-1: Fly out, F9 (Flyball, 9S)
Bottom of the 5th over - 0 run(s), 0 hit(s), 0 error(s), 0 left on base; Helena 6 - Mercer Island 1
TOP OF THE 6TH
Helena Grizzlies batting - Pitching for Mercer Island Screaming Eagles : RHP Jeff Sloan
Pitching: LHP Denis Melis
Batting: LHB Eugene Henson 0-0: Ball
1-0: Ball
2-0: Ball
3-0: Base on Balls
Batting: RHB Álex Estrada 0-0: Ball
1-0: Ball
2-0: Ball
3-0: Base on Balls
Eugene Henson to second
Batting: RHB Gonzalo Sánchez 0-0: Ball
1-0: Called Strike
1-1: Foul Ball, location: 2F
1-2: Strikes out looking
Batting: RHB Mario Piña 0-0: Foul Ball, location: 2F
0-1: Ball
1-1: Ball
2-1: Foul Ball, location: 2F
2-2: Ball
3-2: Base on Balls
Eugene Henson to third
Álex Estrada to second
Batting: LHB Miguel Zúñiga 0-0: Ball
1-0: Ball
2-0: Called Strike
2-1: Fly out, F5 (Popup, 56S)
Batting: RHB Octávio Zúñiga 0-0: Ball
1-0: Ball
2-0: Ball
3-0: Base on Balls
Eugene Henson scores
Álex Estrada to third
Mario Piña to second
Batting: LHB Tom Cotton 0-0: Foul Ball, location: 2F
0-1: Ball
1-1: Foul Ball, location: 2F
1-2: Strikes out swinging
Top of the 6th over - 1 run(s), 0 hit(s), 0 error(s), 3 left on base; Helena 7 - Mercer Island 1
BOTTOM OF THE 6TH
Mercer Island Screaming Eagles batting - Pitching for Helena Grizzlies : RHP Doruk Oyan
Batting: RHB Mario Blanco 0-0: SINGLE (Line Drive, 78S)
Batting: SHB Ray Davis 0-0: Ball
Wild Pitch!
Mario Blanco to second
1-0: Ball
2-0: Foul Ball, location: 2F
2-1: Ball
3-1: Ground out 4-3 (Groundball, 34)
Mario Blanco to third
Batting: RHB Jason Ruffin 0-0: Called Strike
0-1: Called Strike
0-2: SINGLE (Line Drive, 8RS)
Mario Blanco scores
Batting: LHB Tomás Mejía 0-0: SINGLE (Line Drive, 8RS)
Jason Ruffin to second
Batting: LHB Joe Sutton 0-0: Ball
1-0: Swinging Strike
1-1: Ball
2-1: Ball
3-1: Fly out, F8 (Flyball, 8RM)
Batting: RHB Shawn McCormack 0-0: Hit by Pitch
Jason Ruffin to third
Tomás Mejía to second
Batting: RHB Jorge Peña 0-0: Ball
1-0: Called Strike
1-1: Ball
2-1: Fly out, F7 (Flyball, 7D)
Bottom of the 6th over - 1 run(s), 3 hit(s), 0 error(s), 3 left on base; Helena 7 - Mercer Island 2
TOP OF THE 7TH
Helena Grizzlies batting - Pitching for Mercer Island Screaming Eagles : LHP Denis Melis
Batting: RHB Gaston Waller 0-0: Foul Ball, location: 2F
0-1: Ball
1-1: Ground out 4-3 (Groundball, 4M)
Batting: RHB Jorge Arreola 0-0: Foul Ball, location: 2F
0-1: Ball
1-1: Foul Ball, location: 2F
1-2: Strikes out looking
Batting: LHB Eugene Henson 0-0: Swinging Strike
0-1: Ball
1-1: Swinging Strike
1-2: Ball
2-2: SINGLE (Line Drive, 4M)
Batting: RHB Álex Estrada 0-0: Foul Ball, location: 2F
0-1: Ground out 4-3 (Groundball, 4)
Top of the 7th over - 0 run(s), 1 hit(s), 0 error(s), 1 left on base; Helena 7 - Mercer Island 2
BOTTOM OF THE 7TH
Mercer Island Screaming Eagles batting - Pitching for Helena Grizzlies : RHP Doruk Oyan
Batting: RHB Gerjan de Best 0-0: Ball
1-0: Called Strike
1-1: Ball
2-1: SINGLE (Line Drive, 78S)
Batting: RHB Alan Rosales 0-0: Called Strike
0-1: Ball
1-1: Ball
2-1: Ball
3-1: Base on Balls
Gerjan de Best to second
Pitching: RHP Scott Lyons
Batting: RHB Mario Blanco 0-0: Foul Ball, location: 2F
0-1: Foul Ball, location: 2F
0-2: Foul Ball, location: 2F
0-2: Ball
1-2: Ball
2-2: Foul Ball, location: 2F
2-2: Ball
3-2: Foul Ball, location: 2F
3-2: Grounds into double play, 6-4-3 (Groundball, 6)
Gerjan de Best to third
Batting: SHB Ray Davis 0-0: Ball
1-0: Called Strike
1-1: Swinging Strike
1-2: Ball
Wild Pitch!
Gerjan de Best scores
2-2: Ground out U3 (Groundball, 3L)
Bottom of the 7th over - 1 run(s), 1 hit(s), 0 error(s), 0 left on base; Helena 7 - Mercer Island 3
TOP OF THE 8TH
Helena Grizzlies batting - Pitching for Mercer Island Screaming Eagles : LHP Denis Melis
Batting: RHB Gonzalo Sánchez 0-0: SINGLE (Line Drive, 7S)
Batting: RHB Mario Piña 0-0: SINGLE (Line Drive, 3)
Gonzalo Sánchez to second
Batting: LHB Miguel Zúñiga 0-0: Ball
1-0: Fly out, F8 (Flyball, 8RM)
Batting: RHB Octávio Zúñiga 0-0: Ball
1-0: Ball
2-0: SINGLE (Line Drive, 56D)
Gonzalo Sánchez to third
Mario Piña to second
Runner from 3rd tries for Home, SAFE, no throw or cutoff
Pitching: RHP Sixto Palaeios
Batting: LHB Tom Cotton 0-0: Swinging Strike
0-1: Ball
1-1: Ball
2-1: SINGLE (Flyball, 7S)
Mario Piña to third
Octávio Zúñiga to second
Runner from 3rd tries for Home, SAFE, no throw or cutoff
Batting: RHB Gaston Waller 0-0: Called Strike
0-1: Foul Ball, location: 2F
0-2: Fly out, F9 (Flyball, 89M)
Batting: RHB Jorge Arreola 0-0: Called Strike
0-1: Swinging Strike
0-2: Strikes out swinging
Top of the 8th over - 2 run(s), 4 hit(s), 0 error(s), 2 left on base; Helena 9 - Mercer Island 3
BOTTOM OF THE 8TH
Mercer Island Screaming Eagles batting - Pitching for Helena Grizzlies : RHP Scott Lyons
Batting: RHB Jason Ruffin 0-0: Called Strike
0-1: Ball
1-1: Ball
2-1: Ball
3-1: Foul Ball, location: 2F
3-2: Base on Balls
Batting: LHB Tomás Mejía 0-0: Ball
1-0: Swinging Strike
1-1: Swinging Strike
1-2: Foul Ball, location: 2F
1-2: Strikes out swinging
Batting: LHB Joe Sutton 0-0: Ball
1-0: Fly out, F5 (Popup, 5S)
Batting: RHB Shawn McCormack 0-0: Ball
1-0: Swinging Strike
1-1: Ball
2-1: Fly out, F9 (Flyball, 89M)
Bottom of the 8th over - 0 run(s), 0 hit(s), 0 error(s), 1 left on base; Helena 9 - Mercer Island 3
TOP OF THE 9TH
Helena Grizzlies batting - Pitching for Mercer Island Screaming Eagles : RHP Sixto Palaeios
Batting: LHB Eugene Henson 0-0: Foul Ball, location: 2F
0-1: Called Strike
0-2: Fly out, F7 (Flyball, 78M)
Batting: RHB Álex Estrada 0-0: Swinging Strike
0-1: Called Strike
0-2: Ball
1-2: Strikes out swinging
Batting: RHB Gonzalo Sánchez 0-0: Foul Ball, location: 2F
0-1: Ground out 4-3 (Groundball, 4)
Top of the 9th over - 0 run(s), 0 hit(s), 0 error(s), 0 left on base; Helena 9 - Mercer Island 3
BOTTOM OF THE 9TH
Mercer Island Screaming Eagles batting - Pitching for Helena Grizzlies : RHP Scott Lyons
Batting: RHB Jorge Peña 0-0: Ball
1-0: Ground out 2-3 (Groundball, 2L)
Batting: RHB Gerjan de Best 0-0: Called Strike
0-1: Ball
1-1: Fly out, F7 (Flyball, 7LD)
Batting: RHB Alan Rosales 0-0: Fly out, F9 (Flyball, 9LD)
Bottom of the 9th over - 0 run(s), 0 hit(s), 0 error(s), 0 left on base; Helena 9 - Mercer Island 3
This league is powered by Out of the Park Baseball, the baseball management simulation game for PC, Mac and Linux
Friday, July 8th, 2016 - OOTP Baseball 16.9 Build 39